MLB
SEATTLE MARINERS @ OAKLAND ATHLETICS
08/19/2049
 
TOP OF THE 1ST
Seattle Mariners batting - Pitching for Oakland Athletics : RHP Nick Kirk
Pitching: RHP Nick Kirk
Batting: LHB Dae-ik Yoon 0-0: Called Strike
0-1: Foul Ball, location: 2F
0-2: Strikes out swinging
Batting: RHB Jose Vasquez 0-0: Called Strike
0-1: Ball
1-1: Foul Ball, location: 2F
1-2: Ball
2-2: Fly out, F7 (Flyball, 78S, EV 72.5 MPH)
Batting: RHB Pavpv Ivanushkin 0-0: Swinging Strike
0-1: Ball
1-1: Foul Ball, location: 2F
1-2: Ball
2-2: Foul Ball, location: 2F
2-2: Ground out 6-3 (Groundball, 6S, EV 90.0 MPH)
Top of the 1st over - 0 runs, 0 hits, 0 errors, 0 left on base; Seattle 0 - Oakland 0
BOTTOM OF THE 1ST
Oakland Athletics batting - Pitching for Seattle Mariners : LHP David Anaya
Pitching: LHP David Anaya
Batting: RHB Jason May 0-0: Swinging Strike
0-1: Foul Ball, location: 2F
0-2: Strikes out swinging
Batting: LHB Tom Butterbaugh 0-0: Swinging Strike
0-1: Ball
1-1: Called Strike
1-2: Strikes out looking
Batting: RHB Muneo Kawachi 0-0: Called Strike
0-1: SINGLE (Line Drive, 89S, EV 90.6 MPH)
Batting: RHB Randy Shrewsbury 0-0: Called Strike
0-1: Swinging Strike
0-2: Ball
1-2: Ball
2-2: Ball
3-2: Ground out U3 (Groundball, 3S, EV 88.1 MPH)
Bottom of the 1st over - 0 runs, 1 hit, 0 errors, 1 left on base; Seattle 0 - Oakland 0
TOP OF THE 2ND
Seattle Mariners batting - Pitching for Oakland Athletics : RHP Nick Kirk
Batting: RHB Harutomi Matsubara 0-0: Ball
1-0: Swinging Strike
1-1: Foul Ball, location: 2F
1-2: Ball
2-2: Foul Ball, location: 2F
2-2: Ball
3-2: Base on Balls
Batting: LHB Jerrod Cluck 0-0: Called Strike
0-1: Ball
1-1: Foul Ball, location: 2F
1-2: Foul Ball, location: 2F
1-2: Foul Ball, location: 2F
1-2: Foul Ball, location: 2F
1-2: Strikes out swinging
Batting: SHB Ray Skogen 0-0: Ball
1-0: Ball
2-0: Fly out, F9 (Line Drive, 9S, EV 96.2 MPH)
Batting: RHB Rick Ellis 0-0: Ball
1-0: Ball
2-0: Ball
3-0: Called Strike
3-1: Foul Ball, location: 2F
3-2: Foul Ball, location: 2F
3-2: Base on Balls
Harutomi Matsubara to second
Batting: RHB Young-kwang Ohnn 0-0: Ball
1-0: Swinging Strike
1-1: Foul Ball, location: 2F
1-2: Ball
2-2: Strikes out looking
Top of the 2nd over - 0 runs, 0 hits, 0 errors, 2 left on base; Seattle 0 - Oakland 0
BOTTOM OF THE 2ND
Oakland Athletics batting - Pitching for Seattle Mariners : LHP David Anaya
Batting: RHB Jorge Severiano 0-0: Ball
1-0: Foul Ball, location: 2F
1-1: Reached on error, E6 (Groundball, 6, EV 77.5 MPH)
Batting: LHB R.J. O'Brien 0-0: Fly out, F7 (Line Drive, 7S, EV 105.0 MPH)
Batting: RHB Robby Juarez 0-0: Ball
1-0: Called Strike
1-1: Ball
2-1: Reached on error, E7 (Flyball, 7LS, EV 89.4 MPH)
Jorge Severiano to second
Batting: RHB Nick Gentzel 0-0: Called Strike
0-1: Ball
1-1: Grounds into double play, 6-4-3 (Groundball, 6, EV 98.8 MPH)
Bottom of the 2nd over - 0 runs, 0 hits, 2 errors, 1 left on base; Seattle 0 - Oakland 0
TOP OF THE 3RD
Seattle Mariners batting - Pitching for Oakland Athletics : RHP Nick Kirk
Batting: RHB Malik Brookshire 0-0: Ball
1-0: Called Strike
1-1: Swinging Strike
1-2: Ball
2-2: Ball
3-2: Base on Balls
Batting: LHB Dae-ik Yoon 0-0: Foul Ball, location: 2F
0-1: Fly out, F9 (Flyball, 9, EV 83.8 MPH)
Batting: RHB Jose Vasquez 0-0: Called Strike
0-1: Called Strike
0-2: Foul Ball, location: 2F
0-2: Ball
Malik Brookshire is caught stealing 2nd base 2-4
1-2: Strikes out looking
Top of the 3rd over - 0 runs, 0 hits, 0 errors, 0 left on base; Seattle 0 - Oakland 0
BOTTOM OF THE 3RD
Oakland Athletics batting - Pitching for Seattle Mariners : LHP David Anaya
Batting: SHB Quincy Bradford 0-0: Ball
1-0: Foul Ball, location: 2F
1-1: Swinging Strike
1-2: Strikes out swinging
Batting: RHB Jason May 0-0: Ball
1-0: Called Strike
1-1: Foul Ball, location: 2F
1-2: Foul Ball, location: 2F
1-2: Fly out, F7 (Flyball, 78S, EV 93.1 MPH)
Batting: LHB Tom Butterbaugh 0-0: Ball
1-0: Fly out, F7 (Line Drive, 78M, EV 86.2 MPH)
Bottom of the 3rd over - 0 runs, 0 hits, 0 errors, 0 left on base; Seattle 0 - Oakland 0
TOP OF THE 4TH
Seattle Mariners batting - Pitching for Oakland Athletics : RHP Nick Kirk
Batting: RHB Pavpv Ivanushkin 0-0: Called Strike
0-1: Called Strike
0-2: Fly out, F3 (Popup, 3S, EV 69.4 MPH)
Batting: RHB Harutomi Matsubara 0-0: Ball
1-0: Foul Ball, location: 2F
1-1: Ball
2-1: Ground out 5-3 (Groundball, 56S, EV 92.5 MPH)
Batting: LHB Jerrod Cluck 0-0: Swinging Strike
0-1: Called Strike
0-2: Foul Ball, location: 2F
0-2: Strikes out swinging
Top of the 4th over - 0 runs, 0 hits, 0 errors, 0 left on base; Seattle 0 - Oakland 0
BOTTOM OF THE 4TH
Oakland Athletics batting - Pitching for Seattle Mariners : LHP David Anaya
Batting: RHB Muneo Kawachi 0-0: Ball
1-0: Swinging Strike
1-1: Called Strike
1-2: Ball
2-2: Strikes out swinging
Batting: RHB Randy Shrewsbury 0-0: Called Strike
0-1: Ball
1-1: Foul Ball, location: 2F
1-2: Ball
2-2: Ball
3-2: Foul Ball, location: 2F
3-2: Foul Ball, location: 2F
3-2: Strikes out swinging
Batting: RHB Jorge Severiano 0-0: Foul Ball, location: 2F
0-1: Ball
1-1: Ball
2-1: Ball
3-1: Called Strike
3-2: Foul Ball, location: 2F
3-2: Foul Ball, location: 2F
3-2: SINGLE (Line Drive, 7S, EV 102.5 MPH)
Batting: LHB R.J. O'Brien 0-0: Ball
1-0: Ball
Jorge Severiano is caught stealing 2nd base 2-6
Bottom of the 4th over - 0 runs, 1 hit, 0 errors, 0 left on base; Seattle 0 - Oakland 0
TOP OF THE 5TH
Seattle Mariners batting - Pitching for Oakland Athletics : RHP Nick Kirk
Batting: SHB Ray Skogen 0-0: Ball
1-0: Ball
2-0: Foul Ball, location: 2F
2-1: Foul Ball, location: 2F
2-2: Foul Ball, location: 2F
2-2: Fly out, F3 (Popup, 3, EV 80.0 MPH)
Batting: RHB Rick Ellis 0-0: Ball
1-0: Ball
2-0: Fly out, F7 (Flyball, BS1, EV 94.4 MPH)
Batting: RHB Young-kwang Ohnn 0-0: Ball
1-0: Ball
2-0: Ground out 5-3 (Groundball, 56S, EV 71.2 MPH)
Top of the 5th over - 0 runs, 0 hits, 0 errors, 0 left on base; Seattle 0 - Oakland 0
BOTTOM OF THE 5TH
Oakland Athletics batting - Pitching for Seattle Mariners : LHP David Anaya
Batting: LHB R.J. O'Brien 0-0: Fly out, F6 (Popup, 6MS, EV 63.1 MPH)
Batting: RHB Robby Juarez 0-0: Ball
1-0: Foul Ball, location: 2F
1-1: Ball
2-1: Ground out 5-3 (Groundball, 56S, EV 89.4 MPH)
Batting: RHB Nick Gentzel 0-0: SINGLE (Line Drive, 78S, EV 104.4 MPH)
Batting: SHB Quincy Bradford 0-0: SINGLE (Line Drive, 9S, EV 94.4 MPH)
Nick Gentzel to second
Runner from 2nd tries for 3rd, SAFE, throw by RF made to third
Batting: RHB Jason May 0-0: Called Strike
0-1: Ball
1-1: Foul Ball, location: 2F
1-2: Strikes out swinging
Bottom of the 5th over - 0 runs, 2 hits, 0 errors, 2 left on base; Seattle 0 - Oakland 0
TOP OF THE 6TH
Seattle Mariners batting - Pitching for Oakland Athletics : RHP Nick Kirk
Batting: RHB Malik Brookshire 0-0: Called Strike
0-1: Ball
1-1: Ball
2-1: Foul Ball, location: 2F
2-2: Ball
3-2: Ground out 5-3 (Groundball, 5S, EV 83.1 MPH)
Batting: LHB Dae-ik Yoon 0-0: Ball
1-0: Foul Ball, location: 2F
1-1: Ball
2-1: Swinging Strike
2-2: Ball
3-2: Strikes out swinging
Batting: RHB Jose Vasquez 0-0: Swinging Strike
0-1: Ball
1-1: Ball
2-1: Swinging Strike
2-2: Strikes out swinging
Top of the 6th over - 0 runs, 0 hits, 0 errors, 0 left on base; Seattle 0 - Oakland 0
BOTTOM OF THE 6TH
Oakland Athletics batting - Pitching for Seattle Mariners : LHP David Anaya
Batting: LHB Tom Butterbaugh 0-0: Ball
1-0: Foul Ball, location: 2F
1-1: SINGLE (Line Drive, 9S, EV 103.1 MPH)
Batting: RHB Muneo Kawachi 0-0: Called Strike
0-1: Ball
1-1: Ball
2-1: Fly out, F5 (Popup, 5D, EV 57.5 MPH)
Batting: RHB Randy Shrewsbury 0-0: 2-RUN HOME RUN (Flyball, 78XD, EV 111.9 MPH), Distance : 421 ft
Batting: RHB Jorge Severiano 0-0: Swinging Strike
0-1: Ball
1-1: Fly out, F9 (Flyball, 89S, EV 87.5 MPH)
Batting: LHB R.J. O'Brien 0-0: Called Strike
0-1: Ball
1-1: Ground out 4-3 (Groundball, 4M, EV 101.2 MPH)
Bottom of the 6th over - 2 runs, 2 hits, 0 errors, 0 left on base; Seattle 0 - Oakland 2
TOP OF THE 7TH
Seattle Mariners batting - Pitching for Oakland Athletics : RHP Nick Kirk
Batting: RHB Pavpv Ivanushkin 0-0: Ball
1-0: Called Strike
1-1: Ball
2-1: SINGLE (Flyball, 34D, EV 84.4 MPH)
Batting: RHB Harutomi Matsubara 0-0: Fly out, F9 (Flyball, 9D, EV 101.2 MPH)
Batting: LHB Jerrod Cluck 0-0: Called Strike
0-1: Called Strike
0-2: Ball
1-2: Ball
2-2: Strikes out swinging
Pitching: RHP Germano Nunes
Batting: SHB Ray Skogen 0-0: Ball
1-0: Ball
2-0: Ball
Wild Pitch!
Pavpv Ivanushkin to second
3-0: Called Strike
3-1: Foul Ball, location: 2F
3-2: Foul Ball, location: 2F
3-2: Strikes out looking
Top of the 7th over - 0 runs, 1 hit, 0 errors, 1 left on base; Seattle 0 - Oakland 2
BOTTOM OF THE 7TH
Oakland Athletics batting - Pitching for Seattle Mariners : LHP David Anaya
Batting: RHB Robby Juarez 0-0: Fly out, F7 (Flyball, 78M, EV 86.2 MPH)
Batting: RHB Nick Gentzel 0-0: SINGLE (Groundball, 56D, EV 108.8 MPH)
Batting: SHB Quincy Bradford 0-0: Foul Ball, location: 2F
0-1: Called Strike
0-2: Fielders Choice at 2nd, 4-6 (Groundball, 4M, EV 91.9 MPH)
Batting: RHB Jason May 0-0: Ball
1-0: Ball
2-0: Foul Ball, location: 2F
2-1: Ball
3-1: Swinging Strike
3-2: Foul Ball, location: 2F
3-2: Foul Ball, location: 2F
3-2: Base on Balls
Quincy Bradford to second
Batting: LHB Tom Butterbaugh 0-0: Called Strike
0-1: Foul Ball, location: 2F
0-2: Ball
1-2: Ball
2-2: Foul Ball, location: 2F
2-2: Ball
3-2: Foul Ball, location: 2F
3-2: Ground out 6-3 (Groundball, 6, EV 104.4 MPH)
Bottom of the 7th over - 0 runs, 1 hit, 0 errors, 2 left on base; Seattle 0 - Oakland 2
TOP OF THE 8TH
Seattle Mariners batting - Pitching for Oakland Athletics : RHP Germano Nunes
Batting: RHB Rick Ellis 0-0: Ball
1-0: Ball
2-0: Ball
3-0: Called Strike
3-1: Base on Balls
Batting: RHB Young-kwang Ohnn 0-0: Ball
1-0: Ball
2-0: Fly out, F9 (Flyball, 89M, EV 86.9 MPH)
Batting: RHB Malik Brookshire 0-0: Ball
1-0: DOUBLE (Line Drive, 7LS, EV 109.4 MPH)
Rick Ellis to third
Runner from 3rd tries for Home, SAFE, no throw by LF
Batting: LHB Dae-ik Yoon 0-0: Ball
1-0: Called Strike
1-1: Ball
2-1: Ball
3-1: Base on Balls
Batting: RHB Jose Vasquez 0-0: Foul Ball, location: 2F
0-1: Grounds into double play, 4-6-3 (Groundball, 4, EV 90.6 MPH)
Top of the 8th over - 1 run, 1 hit, 0 errors, 1 left on base; Seattle 1 - Oakland 2
BOTTOM OF THE 8TH
Oakland Athletics batting - Pitching for Seattle Mariners : LHP David Anaya
Pitching: RHP Kyle Ridgeway
Batting: RHB Muneo Kawachi 0-0: Ball
1-0: Ball
2-0: Ball
3-0: Base on Balls
Batting: RHB Randy Shrewsbury 0-0: 2-RUN HOME RUN (Flyball, 7LD, EV 97.5 MPH), Distance : 366 ft
Batting: RHB Jorge Severiano 0-0: Foul Ball, location: 2F
0-1: Called Strike
0-2: Foul Ball, location: 2F
0-2: SOLO HOME RUN (Line Drive, 78XD, EV 116.9 MPH), Distance : 454 ft
Pitching: RHP Victor Cervantes
Batting: LHB R.J. O'Brien 0-0: Ground out 1-3 (Groundball, P, EV 68.1 MPH)
Batting: RHB Robby Juarez 0-0: Called Strike
0-1: Ball
1-1: Called Strike
1-2: Ball
2-2: TRIPLE (Line Drive, 78XD, EV 100.6 MPH)
Batting: RHB Nick Gentzel 0-0: Called Strike
0-1: Swinging Strike
0-2: Ground out 6-3 (Groundball, 6D, EV 97.5 MPH)
Robby Juarez scores
Batting: SHB Quincy Bradford 0-0: Ball
1-0: Foul Ball, location: 2F
1-1: Ground out 6-3 (Groundball, 4MD, EV 83.1 MPH)
Bottom of the 8th over - 4 runs, 3 hits, 0 errors, 0 left on base; Seattle 1 - Oakland 6
TOP OF THE 9TH
Seattle Mariners batting - Pitching for Oakland Athletics : RHP Germano Nunes
Batting: RHB Pavpv Ivanushkin 0-0: Ball
1-0: Foul Ball, location: 2F
1-1: Called Strike
1-2: Strikes out swinging
Batting: RHB Harutomi Matsubara 0-0: Called Strike
0-1: Foul Ball, location: 2F
0-2: Ball
1-2: Ball
2-2: Fly out, F7 (Flyball, 7LM, EV 102.5 MPH)
Batting: LHB Jerrod Cluck 0-0: Ball
1-0: Ground out 1-3 (Groundball, 34S, EV 63.8 MPH)
Top of the 9th over - 0 runs, 0 hits, 0 errors, 0 left on base; Seattle 1 - Oakland 6
Sunday, July 16th , 2023 - OOTP Baseball 24.6 Build 69